 Dungeon Crawl Stone Soup version 0.18-b1-2-gd0c887e (webtiles) character file.

116 warlockg3 the Chiller (level 5, 0/28 HPs)
             Began as a Gargoyle Ice Elementalist on Apr 28, 2016.
             Slain by a wight
             ... wielding a +0 long sword
              (1 damage)
             ... on level 3 of the Dungeon.
             The game lasted 00:09:34 (2887 turns).

warlockg3 the Chiller (Gargoyle Ice Elementalist)   Turns: 2887, Time: 00:09:35

Health: 0/28       AC:  7    Str: 11 (12) XL:     5   Next: 0%
Magic:  7/9        EV: 12    Int: 16      God:
Gold:   104        SH:  0    Dex:  8 (10) Spells: 3 memorised, 3 levels left

rFire  . . .     SeeInvis .     s - +0 quarterstaff
rCold  . . .     Gourm    .     a - +0 robe
rNeg   + + .     Faith    .     (shield currently unavailable)
rPois  ∞         Spirit   .     (no helmet)
rElec  +         Dismiss  .     j - +0 cloak
rCorr  .         Reflect  .     (no gloves)
SustAt .         Harm     .     (no boots)
MR     .....                    (no amulet)
Stlth  ++........               f - ring of positive energy
                                d - ring of flight

@: very slightly contaminated, not resistant to hostile enchantments, unstealthy
A: negative energy resistance 1, electricity resistance, unbreathing,
petrification resistance, rot immunity, AC +4
a: Evoke Flight


You were on level 3 of the Dungeon.
You were not hungry.

You visited 1 branch of the dungeon, and saw 3 of its levels.

You collected 104 gold pieces.

Inventory:

Hand Weapons
 k - a +1 vampiric whip
 r - a +0 rapier
 s - a +0 quarterstaff (weapon)
Armour
 a - a +0 robe (worn)
 j - a +0 cloak (worn)
 o - a -2 scale mail
Jewellery
 d - a ring of flight (left hand)
 f - a ring of positive energy (right hand)
Scrolls
 c - a scroll of fog
 e - 4 scrolls of identify
 g - 2 scrolls of remove curse
 i - a scroll of enchant weapon {unknown}
 l - a scroll of magic mapping {unknown}
 q - a scroll of teleportation {unknown}
Potions
 h - a potion of degeneration
Books
 b - a book of Frost

   Spells                             Type                      Level
   a - Freeze                         Ice                          1
   b - Throw Frost                    Conjuration/Ice              2
   c - Ozocubu's Armour               Charms/Ice                   3
   d - Throw Icicle                   Conjuration/Ice              4
   e - Summon Ice Beast               Ice/Summoning                4
Comestibles
 m - a royal jelly
 n - a meat ration
 p - a beef jerky
 t - a bread ration


   Skills:
 + Level 0.9 Fighting
 + Level 2.5 Dodging
 + Level 2.6 Stealth
 + Level 1.0 Unarmed Combat
 + Level 2.6 Spellcasting
 + Level 1.1 Conjurations
 + Level 0.3 Charms
 + Level 3.7 Ice Magic


You had 3 spell levels left.
You knew the following spells:

 Your Spells              Type           Power        Failure   Level  Hunger
a - Freeze                Ice            ##..         6%          1    #......
b - Throw Frost           Conj/Ice       #.....       12%         2    ##.....
c - Ozocubu's Armour      Chrm/Ice       #.......     28%         3    ###....


Dungeon Overview and Level Annotations

Branches:
Dungeon (3/15)

Altars:
Sif Muna
The Shining One


Innate Abilities, Weirdness & Mutations

You are resistant to torment.
Your stone body is resilient (AC +4).
You are immune to poison.
You resist negative energy.
You are resistant to electric shocks.
You can survive without breathing.
You are immune to petrification.
You are immune to rotting.


Message History

The wight is heavily damaged.
The wight completely misses you.
You closely miss the wight.
The wight is heavily damaged.
The wight hits you with a long sword.
* * * LOW HITPOINT WARNING * * *
You barely miss the wight.
The wight is heavily damaged.
The wight barely misses you.
You hit the wight but do no damage.
The wight is heavily damaged.
The wight hits you with a long sword.
* * * LOW HITPOINT WARNING * * *
You hit the wight.
The wight is severely damaged.
The wight hits you but does no damage.
You hit the wight.
The wight is severely damaged.
The wight hits you but does no damage. The wight hits you with a long sword.
You die...

#.# #...##
#.# #....
#)# #.....
#.#
#.###.#
#.# #. .#
#### #.#
.##...#
#.#
%......
#.#
.......
#@#
#.....##z#
#..zz.zz#
#########


You could see 3 wights.

Vanquished Creatures
  An orc priest (D:3)
  An adder (D:3)
  An ooze (D:2)
  2 worms
  4 dart slugs
  3 giant geckos (D:1)
  3 orcs (D:3)
  A giant cockroach (D:2)
  12 goblins
  5 hobgoblins
  3 quokkas (D:2)
  4 bats
  4 giant newts
  5 kobolds
  3 rats
52 creatures vanquished.

Notes
Turn   | Place    | Note
--------------------------------------------------------------
     0 | D:1      | warlockg3 the Gargoyle Ice Elementalist began the quest for the Orb.
     0 | D:1      | Reached XP level 1. HP: 10/10 MP: 3/3
   322 | D:1      | Reached XP level 2. HP: 6/15 MP: 0/5
  1274 | D:2      | Reached XP level 3. HP: 14/19 MP: 0/6
  1467 | D:2      | Learned a level 2 spell: Throw Frost
  1471 | D:2      | Learned a level 3 spell: Ozocubu's Armour
  1519 | D:2      | Found a glowing golden altar of the Shining One.
  2076 | D:2      | Reached XP level 4. HP: 24/24 MP: 7/7
  2359 | D:3      | Found a deep blue altar of Sif Muna.
  2547 | D:3      | Reached skill level 1 in Unarmed Combat
  2859 | D:3      | Reached XP level 5. HP: 22/28 MP: 9/9
  2885 | D:3      | HP: 1/28 [wight/long sword (4)]
  2887 | D:3      | Slain by a wight

Skill      XL: |  1  2  3  4 |
---------------+-------------+-----
Dodging        | 2 |  2.5
Unarmed Combat | 1 |  1.0
Fighting       | |  0.9
Stealth        | |  2.6
Spellcasting   | |  2.6
Conjurations   | |  1.1
Charms         | |  0.3
Ice Magic      | |  3.7

Action                   |  1- 3 |  4- 6 || total
-------------------------+-------+-------++-------
Melee: Unarmed           |   185 |    66 ||   251
       Quarterstaff      |       |    19 ||    19
 Cast: Freeze            |    27 |     6 ||    33
       Ozocubu's Armour  |     2 |     1 ||     3
       Throw Frost       |     1 |     2 ||     3
  Use: Scroll            |     3 |       ||     3
       Potion            |       |     4 ||     4
 Stab: Sleeping          |     3 |     2 ||     5
  Eat: Bread ration      |     1 |       ||     1
       Meat ration       |       |     1 ||     1
Armor: Robe              |    62 |    23 ||    85
Dodge: Dodged            |   104 |    41 ||   145
